 Dungeon Crawl Stone Soup version 0.18.1-8-gdd0e5ea (webtiles) character file.

9585 shmeve the Blocker (level 11, -9/90 HPs)
             Began as a Formicid Fighter on May 27, 2016.
             Was a High Priest of Okawaru.
             Mangled by a hill giant
             ... wielding a +0 giant club
              (23 damage)
             ... on level 11 of the Dungeon.
             The game lasted 00:23:41 (11158 turns).

shmeve the Blocker (Formicid Fighter)              Turns: 11158, Time: 00:23:41

Health: -9/90      AC: 19    Str: 24    XL:     11   Next: 77%
Magic:  14/14      EV:  9    Int:  8    God:    Okawaru [*****.]
Gold:   518        SH: 15    Dex: 10    Spells: 0 memorised, 10 levels left

rFire  . . .     SeeInvis +     R - +2 battleaxe
rCold  . . .     Gourm    .     y - +0 plate armour
rNeg   . . .     Faith    .     c - +3 shield
rPois  .         Spirit   .     (helmet unavailable)
rElec  .         Dismiss  .     h - +0 cloak
rCorr  .         Reflect  .     u - +0 pair of gloves
SustAt +         Harm     .     K - +2 pair of boots
MR     ++...                    (no amulet)
Stlth  ..........               A - ring of protection from magic
                                N - ring of sustain attributes

@: very resistant to hostile enchantments, extremely unstealthy
A: permanent stasis, dig shafts and tunnels, four strong arms, antennae 3
a: Dig, Shaft Self, Heroism, Finesse, Renounce Religion


You were on level 11 of the Dungeon.
You worshipped Okawaru.
Okawaru was extremely pleased with you.
You were not hungry.

You visited 2 branches of the dungeon, and saw 12 of its levels.
You also visited: Sewer.

You collected 518 gold pieces.

Inventory:

Hand Weapons
 R - a +2 battleaxe (weapon)
Armour
 c - a +3 shield (worn)
 h - a +0 cloak (worn)
 u - a +0 pair of gloves (worn)
 y - a +0 plate armour (worn)
 K - a +2 pair of boots (worn)
Jewellery
 A - a ring of protection from magic (right hand)
 E - an uncursed ring of stealth
 N - a ring of sustain attributes (left hand)
Wands
 z - a wand of digging (11/24)
 I - a wand of digging (11/24)
 J - a wand of iceblast (7/15)
 M - a wand of acid (7/15)
 O - a wand of lightning (9/15)
Scrolls
 d - a scroll of fear {unknown}
 e - 4 scrolls of remove curse
 g - a scroll of fog {unknown}
 j - 4 scrolls of amnesia
 k - 13 scrolls of identify
 o - a scroll of silence {unknown}
 q - 3 scrolls of teleportation
 r - 2 scrolls of blinking
 x - 2 scrolls of torment {unknown}
 G - a scroll of enchant weapon {unknown}
 H - a scroll of noise {unknown}
Potions
 m - 2 potions of heal wounds
 n - 6 potions of flight {unknown}
 p - 2 potions of agility {unknown}
 s - 4 potions of curing {unknown}
 t - a potion of berserk rage {unknown}
 v - 2 potions of degeneration {unknown}
 w - 2 potions of brilliance {unknown}
 C - a potion of resistance {unknown}
 D - 3 potions of lignification {unknown}
 F - 2 potions of haste {unknown}
 L - a potion of ambrosia {unknown}
Comestibles
 a - 5 chunks of flesh
 b - 2 royal jellies
 f - 7 bread rations
 i - 10 slices of pizza
 l - 9 meat rations
 B - 3 beef jerkies


   Skills:
 * Level 10.1 Fighting
 * Level 8.2 Axes
 + Level 7.7 Armour
 + Level 5.5 Dodging
 * Level 10.8 Shields
 + Level 5.2 Invocations


You had 10 spell levels left.
You didn't know any spells.

Dungeon Overview and Level Annotations

Branches:
Dungeon (11/15)            Temple (1/1) D:6             Orc (0/2) D:10
   Lair: D:8-11

Altars:
Ashenzari
Cheibriados
Dithmenos
Elyvilon
Fedhas
Gozag
Kikubaaqudgha
Makhleb
Nemelex Xobeh
Okawaru
Pakellas
Qazlal
Ru
Sif Muna
Trog
Vehumet
Xom
Yredelemnul
Zin
The Shining One


Innate Abilities, Weirdness & Mutations

You are under a permanent stasis effect.
You can dig through walls and to a lower floor.
Your four strong arms can wield two-handed weapons with a shield.
You have a pair of large antennae on your head (SInv).


Message History

You hit the hill giant but do no damage.
The hill giant is lightly wounded.
The hill giant hits you with a giant club!
You slash the hill giant!
The hill giant is moderately wounded.
You block the hill giant's attack.
Your plate armour prevents you from hitting the hill giant.
The hill giant is moderately wounded.
The hill giant hits you with a giant club!!
You hit the hill giant.
The hill giant is heavily wounded.
The hill giant hits you with a giant club!!
* * * LOW HITPOINT WARNING * * *
You slice the hill giant!!
The hill giant is severely wounded.
You block the hill giant's attack.
You slash the hill giant!
The hill giant is almost dead.
The hill giant hits you with a giant club!!
You die...

# .# ###. #..
############C#
#..((.)....#@#
#(#####......#
#..<# #.##.###
##### #.[..#
{{ #.#### #.#
### {


You could see a hill giant.

Vanquished Creatures
  2 hill giants
  An orc sorcerer (D:10)
  Psyche (D:9)
  Joseph (D:7)
  A two-headed ogre (D:10)
  A wyvern (D:10)
  7 yaks
  A human (D:7)
  A hungry ghost (D:10)
  2 water moccasins
  4 orc warriors
  Purgy (Sewer)
  4 sky beasts
  9 ogres
  4 phantoms
  A wasp (D:10)
  6 centaurs
  A necrophage (D:6)
  A crocodile (D:10)
  3 giant frogs
  A water moccasin zombie (D:9)
  4 scorpions
  A water moccasin skeleton (D:10)
  4 troll zombies (D:10)
  7 killer bees
  7 wights (D:10)
  6 howler monkeys
  5 crimson imps
  2 giant frog zombies
  5 hounds
  The ghost of MetaCosm the Sneak, a weakling SpEn (D:3)
  A gnoll shaman (D:6)
  8 orc priests
  A giant frog skeleton (D:8)
  5 orc wizards
  3 iguanas
  Jessica (D:2)
  7 worker ants
  A killer bee zombie (D:7)
  3 sheep (D:7)
  4 ogre zombies (D:10)
  A hound skeleton (D:4)
  A howler monkey zombie (D:9)
  A worker ant zombie (D:9)
  13 gnolls
  5 adders
  4 shadow imps
  An adder skeleton (D:7)
  2 adder zombies
  4 worms
  2 dart slugs
  5 giant geckos
  25 orcs
  11 bats
  9 giant cockroaches
  3 goblins
  4 hobgoblins
  10 jackals
  12 kobolds
  6 quokkas
  3 ball pythons
  A giant gecko skeleton (D:8)
  A giant gecko zombie (D:6)
  7 giant newts
  A goblin skeleton (D:10)
  5 goblin zombies (D:10)
  A hobgoblin zombie (D:10)
  An orc skeleton (D:10)
  17 orc zombies (D:10)
  6 rats
291 creatures vanquished.

Vanquished Creatures (others)
  A wizard (D:10)
1 creature vanquished.

Grand Total: 292 creatures vanquished

Notes
Turn   | Place    | Note
--------------------------------------------------------------
     0 | D:1      | shmeve the Formicid Fighter began the quest for the Orb.
     0 | D:1      | Reached XP level 1. HP: 18/18 MP: 1/1
   164 | D:1      | Reached XP level 2. HP: 21/24 MP: 2/2
   587 | D:2      | Reached XP level 3. HP: 14/30 MP: 3/3
   982 | D:2      | Reached XP level 4. HP: 35/37 MP: 4/4
  1608 | D:2      | Noticed Jessica
  1614 | D:2      | Killed Jessica
  1896 | D:3      | Reached XP level 5. HP: 34/42 MP: 5/5
  1906 | D:3      | Noticed MetaCosm's ghost (weakling SpEn)
  1946 | D:3      | Killed MetaCosm's ghost
  1946 | D:3      | Reached skill level 1 in Dodging
  2701 | D:4      | Reached skill level 5 in Shields
  2731 | D:4      | Reached XP level 6. HP: 31/49 MP: 6/6
  2781 | D:4      | Found a glowing drain.
  2787 | Sewer    | Entered a sewer
  2976 | Sewer    | Noticed Purgy
  3007 | Sewer    | Killed Purgy
  3173 | D:4      | Noticed an ogre
  3179 | D:4      | Killed an ogre
  3179 | D:4      | Reached XP level 7. HP: 39/55 MP: 7/7
  3366 | D:4      | HP: 2/55 [ogre/giant club (6)]
  3369 | D:4      | Reached skill level 5 in Fighting
  3861 | D:5      | Entered Level 5 of the Dungeon
  4570 | D:5      | Reached XP level 8. HP: 42/63 MP: 8/8
  5291 | D:6      | Reached skill level 5 in Axes
  5291 | D:6      | Reached skill level 5 in Armour
  5413 | D:6      | Reached XP level 9. HP: 19/70 MP: 9/9
  5735 | D:6      | Found a staircase to the Ecumenical Temple.
  5744 | Temple   | Entered the Ecumenical Temple
  5838 | Temple   | Became a worshipper of Warmaster Okawaru
  6303 | D:7      | Reached skill level 1 in Invocations
  6383 | D:7      | Reached * piety under Okawaru
  6615 | D:7      | Reached XP level 10. HP: 72/79 MP: 11/11
  6882 | D:7      | Noticed Joseph
  6905 | D:7      | Killed Joseph
  6905 | D:7      | Reached ** piety under Okawaru
  8342 | D:9      | Noticed Psyche
  8359 | D:9      | Killed Psyche
  8359 | D:9      | Reached *** piety under Okawaru
  8688 | D:9      | Noticed a hill giant
  8700 | D:9      | Killed a hill giant
  8799 | D:9      | Noticed a hill giant
  8871 | D:9      | Found a white marble altar of Elyvilon.
  8875 | D:9      | Reached **** piety under Okawaru
  8876 | D:9      | Found a blossoming altar of Fedhas.
  9020 | D:10     | Entered Level 10 of the Dungeon
  9053 | D:10     | Reached XP level 11. HP: 83/89 MP: 11/13
  9083 | D:10     | Reached skill level 5 in Dodging
  9123 | D:10     | Found a bloodstained altar of Trog.
  9130 | D:10     | Reached skill level 10 in Shields
  9190 | D:10     | Noticed a wizard
  9192 | D:10     | Killed a wizard
  9453 | D:10     | Received a gift from Okawaru
  9798 | D:10     | Found a staircase to the Orcish Mines.
  9821 | D:10     | Noticed an orc sorcerer
  9836 | D:10     | Killed an orc sorcerer
 10484 | D:10     | Reached skill level 10 in Fighting
 10487 | D:10     | Reached skill level 5 in Invocations
 10718 | D:10     | Reached ***** piety under Okawaru
 10892 | D:10     | Noticed a hill giant
 10903 | D:10     | Killed a hill giant
 11145 | D:11     | Noticed a hill giant
 11158 | D:11     | Mangled by a hill giant

Skill      XL: |  1  2  3  4  5  6  7  8  9 10 11 |
---------------+----------------------------------+-----
Shields        | 4 5 6 7 8 9 10 | 10.8
Fighting       | 4 5 6 7 9 10 | 10.1
Dodging        | 1 2 3 4 5 |  5.5
Axes           | 3 4 5 6 7 8 |  8.2
Armour         | 4 5 7 |  7.7
Invocations    | 2 3 5 |  5.2

Action                   |  1- 3 |  4- 6 |  7- 9 | 10-12 || total
-------------------------+-------+-------+-------+-------++-------
Melee: War axe           |   104 |   222 |   390 |   522 ||  1238
       Battleaxe         |       |       |       |    15 ||    15
Invok: Heroism           |       |       |     1 |     4 ||     5
  Use: Potion            |       |     1 |     2 |       ||     3
       Scroll            |       |       |     8 |     1 ||     9
  Eat: Chunk             |     1 |     8 |    10 |    16 ||    35
       Fruit             |       |       |       |     3 ||     3
Armor: Scale mail        |    87 |    59 |       |       ||   146
       Chain mail        |       |   145 |    29 |       ||   174
       Plate armour      |       |       |   168 |   186 ||   354
Dodge: Dodged            |    68 |   120 |   143 |   141 ||   472
Block: Shield            |    96 |   176 |   308 |   460 ||  1040
